cohdb
Replays
Latest Replays
All Replays
Popular Replays
Top Player Replays
Match Explorer
How It Works
Community
CoH3 Stats
Reddit
Sign in to upload your games and track your stats! →
Sign in with Steam
Match 40813741
Unlisted
Match 40813741
Overview
Messages
Build Orders
End
Construct Section Command Post
Construct Section Command Post
Selects Australian Defense Battlegroup
Selects Australian Light Infantry Section
Australian Light Infantry Section
Australian Light Infantry Section
Australian Light Infantry Section
Construct Field Infirmary
ML 3-inch Mortar Team
Construct Platoon Command Post
Selects CMP 15cwt Supply Run
6-pounder Anti-tank Gun Team
Semmelbresel
Safety First
彡★🔻SALADIN🔻★彡
VonManteuffel
|_THUNDER_|
Butcher
0
0
Comments
sign in to comment!
No comments posted yet!